Cogmind - Beta 16.1 @@@ ROGUE MODE // 2026.04.19 @ 16:41:39 Player: SunShine214 Result: Destroyed by G-67 Veteran with Plasma Rifle Performance ------------- Evolutions (5) 2500 Regions Visited (5) 1000 Robots Destroyed (80) 400 Value Destroyed (2459) 2459 Prototype IDs (28) 560 Alien Tech Used (0) 0 Bonus (1528) 1528 TOTAL SCORE: 8447 Bonus ------- High Alert Combat Kills 385 Follower Combat Kills 343 Registered with UFD 300 Met Optimus in HQ 500 Cogmind --------- Core Integrity 0/1000 Matter 282/300 Energy 100/100 System Corruption 9% Temperature Cool (0) Movement Core (350) Ox6 Location -5/Factory Parts ------- > --- POWER (1) -------- (None) > --- PROPULSION (4) --- (None) > --- UTILITY (6) ------ Large Storage Unit > --- WEAPON (6) ------- (None) > --- INVENTORY (15) --- Light Fission Core Meta Core Large Storage Unit Large Storage Unit Improved Signal Interpreter Advanced Drone Bay (2/2) CPS Tube (2) Peak State ------------ > --- POWER ------------ Fusion Reactor > --- PROPULSION ------- Improved Titanium Leg Flexi-carbon Leg Flexi-carbon Leg Thunder Leg > --- UTILITY ---------- Advanced Cooling System Large Storage Unit 0b10 Decoder Chip [Looter] Hardened Heavy Armor Plating Advanced Hacking Suite > --- WEAPON ----------- Heavy Phase Cannon Flak Gun Heavy Flak Cannon Mass Driver Improved Grenade Launcher Makeshift Sword > --- INVENTORY -------- Meta Core Medium Treads Scrap Suit Large Storage Unit Improved Signal Interpreter Advanced Drone Bay 1B-0RG's Assimilator CPS Tube CPS Tube [Rating: 92] Favorites ----------- Power Light Ion Engine Engine Light Ion Engine Power Core Light Fission Core Reactor Fusion Reactor Propulsion Light Treads Treads Light Treads Leg Flexi-carbon Leg Wheel Subdweller Monowheel Hover Unit Antigrav System Utility Large Storage Unit Device Improved Terrain Scanner Storage Large Storage Unit Processor 0b10 Decoder Chip [Looter] Hackware Advanced Hacking Suite Protection Hardened Heavy Armor Plating Weapon Flak Gun Energy Gun Subdweller Laser Energy Cannon Heavy Phase Cannon Ballistic Gun Flak Gun Ballistic Cannon Light Cannon Launcher Improved Grenade Launcher Special Weapon Mining Laser Slashing Weapon Makeshift Sword Special Melee Weapon 1B-0RG's Assimilator Build | -11 -10 -10 -7 -7 -5 ------- Run | Yrd Mat Sub Rec Scr Fac Slots Evolved 10 | . . . . . 10 Power . | . . . . . . Propulsion 2 | . . . . . 2 Utility 4 | . . . . . 4 Weapon 4 | . . . . . 4 Parts Attached 59 | 7 6 7 4 5 30 Power 8 | 1 . 2 . . 5 Engine 4 | 1 . 2 . . 1 Core 3 | . . . . . 3 Reactor 1 | . . . . . 1 Propulsion 18 | 2 1 2 3 2 8 Treads 7 | 2 1 1 1 2 . Leg 7 | . . . . . 7 Wheel 3 | . . 1 2 . . Hover 1 | . . . . . 1 Flight . | . . . . . . Utility 14 | 2 2 . . 2 8 Device 6 | 1 . . . . 5 Storage 5 | 1 2 . . 1 1 Processor 1 | . . . . 1 . Hackware 1 | . . . . . 1 Protection 1 | . . . . . 1 Artifact . | . . . . . . Weapon 19 | 2 3 3 1 1 9 Energy Gun 3 | . 1 1 . . 1 Energy Cannon 1 | . . . . . 1 Ballistic Gun 5 | 2 . . 1 . 2 Ballistic Cannon 4 | . 1 1 . . 2 Launcher 1 | . . . . . 1 Special Weapon 2 | . 1 . . . 1 Impact Weapon . | . . . . . . Slashing Weapon 2 | . . 1 . 1 . Piercing Weapon . | . . . . . . Special Melee Weapon 1 | . . . . . 1 Unidentified Prototypes 3 | . . . . . 3 Parts Lost 38 | . 1 7 4 . 26 Power 5 | . . 2 1 . 2 Propulsion 12 | . . 3 2 . 7 Utility 6 | . . 1 . . 5 Weapon 15 | . 1 1 1 . 12 Highest Loss Streak 7 | . 1 3 4 . 7 To Critical Strikes 1 | . . . . . 1 Average Backups 8 | 1 7 8 9 8 8 Power . | . . . . . . Propulsion 1 | . 3 2 . . . Utility 3 | . 1 3 4 3 3 Weapon 2 | 1 2 2 3 3 . Tool/Special . | . . . . . . Unused Backups 15 | . . . 6 5 4 Power . | . . . . . . Propulsion 2 | . . . 2 . . Utility 8 | . . . 4 2 2 Weapon 3 | . . . . 3 . Tool/Special 2 | . . . . . 2 Average Slot Usage (%) 79 | . 100 92 74 76 65 Engine 5 | . 14 13 5 . . Treads 17 | . 28 22 11 25 4 Leg 3 | . . . . . 12 Wheel 3 | . . 4 14 2 . Device 6 | . 14 8 . . 8 Storage 11 | . 14 14 14 14 5 Processor 2 | . . . . 5 3 Hackware 1 | . . . . . 3 Energy Gun 2 | . . 8 . . . Ballistic Gun 7 | . 18 1 8 14 4 Ballistic Cannon 6 | . 7 13 5 . 4 Slashing Weapon 7 | . . 4 14 14 4 Peak Build Rating 92 | 9 10 20 24 31 92 Average Rating 31 | 5 9 11 22 26 66 On Entrance 15 | . 9 10 20 24 31 Avg Prop Armor Cover (%) 7 | . . 4 4 10 7 Naked Turns . | . . . . . . Heaviest Build 94 | 15 31 31 29 27 94 Greatest Support 83 | 40 40 40 32 48 83 Greatest Overweight (x) 26 | . . 1 8 . 26 Average Overweight (x) . | . . . . . . Largest Inventory Capacity 15 | 8 15 15 15 15 15 Average Capacity 14 | 7 13 15 15 15 15 Most Carried 15 | 2 10 15 15 15 15 Average Carried 12 | 1 7 9 14 14 14 Final Capacity 15 | 8 15 15 15 15 15 Final Carried 15 | 2 10 15 15 15 8 Scrap Suit Usage (%) 7 | . . . . . 26 Parts Cannibalized 5 | . . . . . 5 Class Distribution -------------------- 72% | Mutant 11% | Scavenger-Mutant 6% | Gunner 4% | Executioner 3% | Commander-Mutant Dominant Class ---------------- Mutant | -10/Materials Mutant | -10/Subcaves Mutant | -7/Recycling Mutant | -7/Scraptown Mutant | -5/Factory Resources | -11 -10 -10 -7 -7 -5 ----------- Run | Yrd Mat Sub Rec Scr Fac Matter Collected 2097 | 330 329 411 125 30 872 Remotely . | . . . . . . Salvage Created 2804 | 147 500 352 457 . 1348 Parts 168 | 9 47 29 14 . 69 Haulers Intercepted 2 | . 1 . . . 1 Recyclers Shooed 14 | 1 2 . 6 . 5 Parts Field Recycled . | . . . . . . Retrieved Matter . | . . . . . . Parts Self-Destructed 14 | . . 14 . . . Prevented . | . . . . . . Parts Restored . | . . . . . . Kills | -11 -10 -10 -7 -7 -5 ------- Run | Yrd Mat Sub Rec Scr Fac Combat Hostiles Destroyed 56 | . 17 12 1 . 26 Melee 5 | . . . . . 5 Guns 21 | . 12 2 1 . 6 Cannons 24 | . 5 10 . . 9 AOE 6 | . . . . . 6 Classes Destroyed 14 | 2 5 3 1 . 3 Worker 3 | . 1 . . . 2 Builder 3 | . 1 . . . 2 Tunneler 3 | 3 . . . . . Hauler 2 | . 1 . . . 1 Recycler 9 | 1 1 . 6 . 1 Turret 2 | . . 2 . . . Watcher 2 | . . . . . 2 Swarmer 22 | . 11 4 . . 7 Grunt 15 | . 6 2 . . 7 Sentry 2 | . . . 1 . 1 Hunter 5 | . . . . . 5 Programmer 6 | . . . . . 6 Artisan 1 | . . 1 . . . Subdweller 6 | . . 6 . . . Best Kill Streak 6 | 2 3 4 6 . 5 Combat Bots Only 5 | . 3 3 1 . 5 Max Kills in Single Turn 4 | 1 2 1 1 . 4 Gunslinging . | . . . . . . Exploded 3 | . . . . . 3 Melee 1 | . . . . . 1 Uniques/NPCs Destroyed . | . . . . . . Combat | -11 -10 -10 -7 -7 -5 -------- Run | Yrd Mat Sub Rec Scr Fac Hostile Shots Fired 581 | . 87 93 36 . 365 Missed 147 | . 17 23 11 . 96 Hits 434 | . 70 70 25 . 269 Melee 4 | . . . . . 4 Projectile 430 | . 70 70 25 . 265 AOE 1 | . . . . . 1 Critical Strikes 17 | . 1 . . . 16 Damage Taken 6611 | . 653 834 239 . 4885 Core 1227 | . 104 75 40 . 1008 Absorbed by Shields . | . . . . . . Regen/Repaired (Parts) 50 | . . . . . 50 Core Remaining (%) 56 | 100 . . . 12 . Volleys Fired 203 | 10 60 55 19 . 59 Largest 5 | 2 2 2 1 . 5 Hottest 311 | 40 130 93 33 . 311 Shots Fired 424 | 20 120 106 19 . 159 Gun 236 | 20 91 51 17 . 57 Cannon 171 | . 19 55 2 . 95 Launcher 5 | . . . . . 5 Special 12 | . 10 . . . 2 Kinetic 302 | 20 110 61 19 . 92 Thermal 92 | . 10 45 . . 37 Explosive 5 | . . . . . 5 Electromagnetic 23 | . . . . . 23 Robot Hit Streak 22 | 4 13 22 7 . 10 Robot Miss Streak 25 | 3 5 3 4 . 25 Penetration Max 1 | . . . . . 1 Secondary Targets 1 | . 1 . . . . Max Gunslinging Chain 1 | . 1 . . . . Shots Hit Robots 307 | 9 73 74 22 . 129 Core Hits 174 | 5 27 22 23 . 97 Critical Kills 1 | . . . . . 1 Critical Parts Destroyed 1 | . . . . . 1 Critical Strikes 9 | . . 4 1 . 4 Destroy 2 | . . . . . 2 Blast 5 | . . 4 1 . . Sever 2 | . . . . . 2 Melee Attacks 68 | . . 17 6 . 45 Impact . | . . . . . . Slashing 68 | . . 17 6 . 45 Piercing . | . . . . . . Sneak Attacks 6 | . . . 2 . 4 Combat Hostiles . | . . . . . . Follow-up Attacks . | . . . . . . Damage Inflicted 7216 | 116 1070 1271 570 . 4189 Guns 2706 | 116 855 584 316 . 835 Cannons 2356 | . 162 687 28 . 1479 Explosions 708 | . . . . . 708 Melee 1393 | . . . 226 . 1167 Ramming 5 | . 5 . . . . Kinetic 3557 | 116 1017 723 344 . 1357 Thermal 1732 | . 48 548 . . 1136 Explosive 263 | . . . . . 263 Electromagnetic 266 | . . . . . 266 Impact . | . . . . . . Slashing 1393 | . . . 226 . 1167 Piercing . | . . . . . . Highest Corruption 9 | . . . . . 9 Average Corruption 2 | . . . . . 2 Corruption Purged . | . . . . . . Corruption Blocked . | . . . . . . Effects 20 | . . . . . 20 Message Errors 9 | . . . . . 9 Matter Fused 5 | . . . . . 5 Heat Flow Errors 2 | . . . . . 2 Energy Discharges 1 | . . . . . 1 Data Loss (minor) 1 | . . . . . 1 Data Loss (major) 1 | . . . . . 1 Weapon Failures 1 | . . . . . 1 Overload Shots . | . . . . . . Overflow Damage 263 | . 18 . 61 . 184 Projectiles 25 | . 18 . . . 7 Explosions 86 | . . . . . 86 Melee 152 | . . . 61 . 91 Knockbacks 15 | . 4 3 . . 8 Impact . | . . . . . . Kinetic 12 | . 3 3 . . 6 Secondary 3 | . 1 . . . 2 Self-Inflicted Damage 243 | . . . . . 243 Shots 5 | . . . . . 5 Rammed 2 | . 2 . . . . Targets Rammed 2 | . 2 . . . . Kicked . | . . . . . . Crushed . | . . . . . . Highest Temperature 324 | . 324 8 9 . 197 Average Temperature 91 | . 138 5 4 . 59 Received Heat Transfer 726 | . 189 123 114 . 300 Siege Activations . | . . . . . . Martial Activations . | . . . . . . Shielding Activations . | . . . . . . Robots Disrupted . | . . . . . . Combat Hostiles . | . . . . . . Robots Corrupted . | . . . . . . Combat Hostiles . | . . . . . . Parts Fried . | . . . . . . Impact Corruptions . | . . . . . . Robots Melted . | . . . . . . Combat Hostiles . | . . . . . . Parts Melted . | . . . . . . Heat Transferred 1978 | . 100 725 . . 1153 Parts Sabotaged . | . . . . . . Parts Stolen . | . . . . . . Parts Stripped . | . . . . . . Power Chain Reactions . | . . . . . . Alert | -11 -10 -10 -7 -7 -5 ------- Run | Yrd Mat Sub Rec Scr Fac Maximum Alert Level 3 | . . . . . 3 Low Security (%) 67 | 100 100 . 100 . 39 Level 1 12 | . . . . . 23 Level 2 8 | . . . . . 15 Level 3 11 | . . . . . 21 Level 4 . | . . . . . . Level 5 . | . . . . . . High Security . | . . . . . . Max Security . | . . . . . . Peak Influence 802 | 10 177 . 30 . 802 Initial 19 | . . . 19 . . Average 206 | 1 111 . 3 . 336 Influence Increases 2283 | 20 458 275 68 . 1462 Destroy 0b10 Robot/C 1200 | . 340 160 20 . 680 Destroy 0b10 Robot/NC 110 | 20 20 . 30 . 40 Destroy Leader 218 | . 62 10 . . 146 Allied During Kill 98 | . . . . . 98 Successful Hack 24 | . . . 18 . 6 Disable Machine 210 | . 30 . . . 180 Destroy Structure 228 | . 6 . . . 222 Lose Combat Pursuer 195 | . . 105 . . 90 Influence Decreases 1538 | 20 336 357 108 . 717 Entered New Map 80 | . . 59 21 . . Time Decay 1038 | 20 326 248 87 . 357 Lost Part 320 | . 10 50 . . 260 Lost Ally 100 | . . . . . 100 Squads Dispatched 14 | . 1 . . . 13 Investigation 5 | . 1 . . . 4 Extermination 3 | . . . . . 3 Reinforcement 2 | . . . . . 2 Assault 1 | . . . . . 1 Garrison 3 | . . . . . 3 Intercept . | . . . . . . Searches Triggered . | . . . . . . Construction Impeded 1 | . . . . . 1 Haulers Reinforced . | . . . . . . Active Scanning Responses . | . . . . . . Cargo Convoy Interrupts . | . . . . . . Stealth | -11 -10 -10 -7 -7 -5 --------- Run | Yrd Mat Sub Rec Scr Fac Distress Signals 11 | . 4 . . . 7 Communications Jammed . | . . . . . . Distress Signals . | . . . . . . Times Spotted 104 | . 27 15 1 . 61 Peak Tracking Total 11 | . 4 3 1 . 11 Tactical Retreats 6 | . . 4 . . 2 Traps | -11 -10 -10 -7 -7 -5 ------- Run | Yrd Mat Sub Rec Scr Fac Traps Triggered 2 | . . . . . 2 Indirectly . | . . . . . . Trap Hack Attempts . | . . . . . . Triggered . | . . . . . . Disarmed . | . . . . . . Reprogrammed . | . . . . . . Reused . | . . . . . . Traps Extracted . | . . . . . . Installed . | . . . . . . Triggered . | . . . . . . Machines | -11 -10 -10 -7 -7 -5 ---------- Run | Yrd Mat Sub Rec Scr Fac Machines Disabled 15 | . 2 1 . . 12 Max in Single Turn 6 | . 1 1 . . 6 Garrison Access 1 | . . . . . 1 Machines Repaired . | . . . . . . Machines Dismantled . | . . . . . . Machines Sabotaged . | . . . . . . Overloaded Fab Kills . | . . . . . . Hacking | -11 -10 -10 -7 -7 -5 --------- Run | Yrd Mat Sub Rec Scr Fac Machines Accessed 19 | . 3 2 1 5 8 Terminals 7 | . 3 . 1 . 3 Fabricators . | . . . . . . Repair Stations . | . . . . . . Recycling Units 4 | . . . . . 4 Scanalyzers . | . . . . . . Garrison Access 1 | . . . . . 1 Total Hacks 40 | . 7 4 2 18 9 Successful 32 | . 3 4 1 18 6 Failed 8 | . 4 . 1 . 3 Catastrophic 3 | . 1 . . . 2 Database Lockouts . | . . . . . . Manual 6 | . . . . . 6 Terminals 13 | . 7 . 2 . 4 Fabricators . | . . . . . . Repair Stations . | . . . . . . Recycling Units 4 | . . . . . 4 Scanalyzers . | . . . . . . Garrison Access 1 | . . . . . 1 Terminal Hacks 27 | . 3 4 1 18 1 Record 15 | . . 3 . 12 . Part Schematic 1 | . . . 1 . . Robot Analysis 5 | . . . . 5 . Recycling Unit Index 1 | . . . . . 1 Hauler Manifests 2 | . 2 . . . . Zone Layout 1 | . 1 . . . . Proto ID Catalog 2 | . . 1 . 1 . Fabricator Hacks . | . . . . . . Repair Station Hacks . | . . . . . . Recycling Unit Hacks . | . . . . . . Scanalyzer . | . . . . . . Garrison Access Hacks 1 | . . . . . 1 Seal Access 1 | . . . . . 1 Unauthorized Hacks 4 | . . . . . 4 Terminals . | . . . . . . Fabricators . | . . . . . . Repair Stations . | . . . . . . Recycling Units 4 | . . . . . 4 Fedlink 3 | . . . . . 3 Scrapoids 1 | . . . . . 1 Scanalyzers . | . . . . . . Garrison Access . | . . . . . . Data Cores Recovered . | . . . . . . Used . | . . . . . . Hacking Detections 6 | . 2 . 1 . 3 Full Trace Events 1 | . 1 . . . . Feedback Events . | . . . . . . Feedback Blocked . | . . . . . . Robot Schematics Acquired . | . . . . . . Robots Built . | . . . . . . Authchips . | . . . . . . Time . | . . . . . . Total Robot Build Rating . | . . . . . . Part Schematics Acquired 1 | . . . 1 . . Parts Built . | . . . . . . Authchips . | . . . . . . Time . | . . . . . . Total Part Build Rating . | . . . . . . Part Studies Acquired . | . . . . . . Parts Repaired . | . . . . . . Time . | . . . . . . Parts Recycled . | . . . . . . Recycled Matter . | . . . . . . Retrieved Matter . | . . . . . . Retrieved Components . | . . . . . . Parts Scanalyzed . | . . . . . . Part Schematics Acquired . | . . . . . . Parts Damaged . | . . . . . . Bothacking | -11 -10 -10 -7 -7 -5 ------------ Run | Yrd Mat Sub Rec Scr Fac Used RIF Installer . | . . . . . . Robots Hacked . | . . . . . . Non-combat . | . . . . . . Combat . | . . . . . . Robot Hacks Applied . | . . . . . . Relay Couplers Released 2 | . . . . . 2 Machine Destruction 2 | . . . . . 2 Fabnet Peak Effective % . | . . . . . . Robots Rewired . | . . . . . . Allies Hacked . | . . . . . . Hacks Repelled . | . . . . . . Allies | -11 -10 -10 -7 -7 -5 -------- Run | Yrd Mat Sub Rec Scr Fac Total Allies 5 | . . . . . 5 Largest Group 5 | . . . . . 5 Highest-Rated Group 238 | . . . . . 238 Highest-Rated Ally 50 | . . . . . 50 Initial UFD Resources 38 | . . . . . 38 Total Orders . | . . . . . . Ally Attacks 66 | . . . . . 66 Total Damage 1442 | . . . . . 1442 Kills 8 | . . . . . 8 Allies Corrupted . | . . . . . . Allies Melted . | . . . . . . Intel | -11 -10 -10 -7 -7 -5 ------- Run | Yrd Mat Sub Rec Scr Fac Active Infowar (turns) 3645 | 16 805 996 . 535 1293 Terrain 1817 | 16 805 996 . . . Decoding 1828 | . . . . 535 1293 Robot Analysis Total 5 | . . . . 5 . Derelict Logs Recovered 2 | . . 2 . . . Drone Launches . | . . . . . . Drone Recoveries . | . . . . . . Decoded 0b10 Intel 67 | . . . . . 67 Items 67 | . . . . . 67 Exploration | -11 -10 -10 -7 -7 -5 ------------- Run | Yrd Mat Sub Rec Scr Fac Turns Passed 6785 | 115 805 1653 800 1400 2012 Spaces Moved 3396 | 48 356 722 412 868 990 Core 9 | 3 . . 1 . 5 Treads 2639 | 45 356 719 344 868 307 Legs 676 | . . . . . 676 Wheels 70 | . . 3 67 . . Hover 2 | . . . . . 2 Flight . | . . . . . . Fastest Speed 50 | 50 160 120 100 150 120 Average Speed 168 | 153 160 185 171 159 166 Slowest Speed 1350 | 160 160 240 450 160 1350 Overloaded Moves . | . . . . . . Propulsion Burnouts . | . . . . . . Robots Hopped . | . . . . . . Potential Cave-ins . | . . . . . . Cave-ins Triggered . | . . . . . . Exploration Rate (%) 45 | 4 50 54 71 61 30 Regions Visited 5 Branch Regions 3 Pre-discovered Areas 2 | . . 1 . . 1 Known Exits Taken 1 | . . 1 . . . Unknown Exits Taken 4 | 1 1 . 1 1 . Scrap Searched 4 | . . . . 4 . Spaces Dug 8 | . 3 . . . 5 Terrain Destroyed 100 | . 6 1 . . 93 Melee 5 | . . . . . 5 Projectile 20 | . 6 1 . . 13 AOE 75 | . . . . . 75 Terrain Rammed . | . . . . . . Walls Destroyed . | . . . . . . Machines Disabled . | . . . . . . Actions | -11 -10 -10 -7 -7 -5 --------- Run | Yrd Mat Sub Rec Scr Fac Total 3971 | 66 448 911 482 885 1179 Wait 176 | . 13 102 26 . 35 Move 3391 | 47 355 721 411 867 990 Hop . | . . . . . . Pick Up 30 | 2 8 5 7 5 3 Fast Attach 32 | 7 . 2 3 1 19 Attach 9 | . 1 4 . . 4 Detach . | . . . . . . Swap 27 | . 7 5 1 4 10 Drop 28 | . 2 . 9 8 9 Fire 203 | 10 60 55 19 . 59 Melee 68 | . . 17 6 . 45 Ram . | . . . . . . Kick . | . . . . . . Crush 2 | . 2 . . . . Escape Stasis 5 | . . . . . 5 Rewire . | . . . . . . Trap . | . . . . . . Miscellaneous . | . . . . . . Route ------- -11/Scrapyard -10/Materials (discovered 3 exits: [*Mat] / [*Min] / *Sub) -10/Subcaves (discovered 3 exits: [*Mat x2] / *Rec) -7/Recycling -7/Scraptown -5/Factory (discovered 2 exits: [*Upp] / [*Ext]) History --------- Turn | Location | Event 4 | -11/Scrapyard | Discovered new exit (range 15) 116 | -11/Scrapyard | Entered Materials 314 | -10/Materials | Build established: Mutant 492 | -10/Materials | Discovered new exit (range 9) 496 | -10/Materials | Discovered new exit (range 13) 591 | -10/Materials | Discovered new exit (range 5) 616 | -10/Materials | Derelicts attacked the area 921 | -10/Materials | Entered Subcaves 922 | -10/Subcaves | Approached by a straggling Scientist 925 | -10/Subcaves | Learned Materials garrison access intel 963 | -10/Subcaves | Visited Clippyterm 968 | -10/Subcaves | Identified exit to Recycling 1221 | -10/Subcaves | Lost 3 parts (1p1n1w) 1270 | -10/Subcaves | Discovered new exit (range 7) 1466 | -10/Subcaves | Core integrity fell below 50% 1515 | -10/Subcaves | Build established: Scavenger-Mutant 1618 | -10/Subcaves | Learned location of Storage (-7) 1948 | -10/Subcaves | Lost 3 parts (2n1u) 1970 | -10/Subcaves | Shifting Twisted Machinery released Mak. Axe 1997 | -10/Subcaves | Shifting Twisted Machinery released Battle Cannon 2160 | -10/Subcaves | Discovered new exit (range 3) 2217 | -10/Subcaves | Build established: Mutant 2333 | -10/Subcaves | Visited 4L-MR0's lab 2349 | -10/Subcaves | Found Prototype Special Melee Weapon 2361 | -10/Subcaves | Found Meta Core 2574 | -10/Subcaves | Entered Recycling 2887 | -7/Recycling | Core integrity fell below 20% 2911 | -7/Recycling | Lost 4 parts (1p2n1w) 3335 | -7/Recycling | Scanned before Scraplab entrance 3358 | -7/Recycling | Entered Scraplab 3371 | -7/Recycling | Discovered new exit (range 2) 3374 | -7/Recycling | Entered Scraptown 3739 | -7/Scraptown | Visited Cave Peace 3803 | -7/Scraptown | Visited UFD Registry 3803 | -7/Scraptown | Registered with UFD as "Longunit" 3856 | -7/Scraptown | Visited Scrapoid Pod Storage 3894 | -7/Scraptown | Visited Science Guys 3945 | -7/Scraptown | Visited Scrap Suit Storage 3974 | -7/Scraptown | Found Scrap Suit 4051 | -7/Scraptown | Visited Derelict Rescue Squad 4098 | -7/Scraptown | Visited DA-N13 Charitable Foundation 4104 | -7/Scraptown | Found DCF Scrap (33 items) 4152 | -7/Scraptown | Visited Analyses Database 4228 | -7/Scraptown | Visited Infowarlord's Domain 4272 | -7/Scraptown | Visited Chapter 10 4624 | -7/Scraptown | Visited LU-1G1's Boring Crew 4685 | -7/Scraptown | Met Optimus 4685 | -7/Scraptown | Accepted into 0bPrime 4770 | -7/Scraptown | Discovered new exit (range 3) 4774 | -7/Scraptown | Entered Factory 4774 | -5/Factory | Evolved 10 slots: Propulsion x2, Utility x4, Weapon x4 5312 | -5/Factory | Scrapoids reinforcements arrived? 5389 | -5/Factory | Garrison activated, responded to threat 5468 | -5/Factory | Loaded intel: 7 recycling unit locations 5556 | -5/Factory | Discovered new exit (range 9) 5967 | -5/Factory | Learned location of Protoforge (-2) 6121 | -5/Factory | Lost 5 parts (2u3w) 6189 | -5/Factory | Discovered new exit (range 12) 6549 | -5/Factory | Lost 4 parts (2n2w) 6574 | -5/Factory | First assault squad dispatched 6609 | -5/Factory | Lost 3 parts (2n1w) 6648 | -5/Factory | Core integrity fell below 50% 6649 | -5/Factory | Attached CPS modules to H-66 Slayer. 6688 | -5/Factory | Lost 6 parts (1p1n3u1w) 6774 | -5/Factory | Identified 1B-0RG's Assimilator 6775 | -5/Factory | Core integrity fell below 20% 6786 | -5/Factory | Destroyed by G-67 Veteran with Plasma Rifle Last Messages --------------- 06771_ Slug penetrates Wall. 06771_ K-01 Serf cleans the Assembly Bed. 06771_ Slug penetrates L-41 Fighter. 06773_ Dropped Prototype Special Melee Weapon. 06774_ Penetrated by Slug. 06774_ Lgt. Fission Core destroyed. 06774_ Penetrated by Slug. 06774_ Acquired Prototype Special Melee Weapon. 06774_ Identified 1B-0RG's Assimilator. 06774_ K-01 Serf cleans the Assembly Bed. 06774_ R-10 Processor destroyed. 06777_ Penetrated by Slug. 06779_ R-10 Processor collects Wheel. 06781_ Gauss Rifle destroyed. 06781_ Penetrated by Slug. 06783_ Critical hit (Burn: +37). 06783_ 1B-0RG's Assimilator destroyed. 06784_ W-25 Informer sends out distress signal. 06785_ Penetrated by Slug. 06785_ Adv. Hacking Suite severed. Map ----- +----------------------------------------------------+ | # ???????????????????????????????????????????? | | #??????????????????????????????????????????????? | | #??????????????????????????????????????????????? | | #??????????????????????????????????????????????? | | #??????????????????????????????????????????????? | | #??????????????????????????????????????????????? | | /##??????????????????????????????????????????????? | | #?###???????????????????????????????????????????? | | # ######??????????????????????????????????????? | | # #??????????????????????????????????????? | | #?????????????? ????????????????????????? | | # # #?????????????? ????????????????????????? | | ###?????????????????### ????????????????????????? | | #?????????????????" ????????????????????????? | | #########???????? ????????????????????????? | | ???? ????????????????????????? | | #######?????????? ????????????????????????? | | #??????????????"""" ????????????????????????? | | +#######?????????""""" #????????????????????????? | | #?????????""""" #????????????????????????? | | """""" #???????????""" #????????????????????????? | | +???????????? +????????????????????????? | | """""" #????????????? #????????????????????????? | | #???????#####??#=############?????????????? | | ########???????? ?#!!%%[ "" ?????????? | | ????????????????"""" ?#=%@##########?????????????? | | #######???????? """" #hl!#??????????????????????? | | # #???????? """" # #??????????????????????? | | # #???????? """" + #??????????????????????? | | # < #???????? """" # #??????????????????????? | | # #???????? """" # #??????????????????????? | | # #?????????"""" ?# #??????????????????????? | | # ###??????? ?#ggg#??????????????????????? | | " ""???????#####??# #??????????????????????? | | #??????????????# #??????????????????????? | | "" """??????????????# #??????????????????????? | | # T#???????????????#g w#??????????????????????? | | ## #???????########## #??????????????????????? | | # #???????# # g ##########+####????????? | | # #???????# # #????????? | | + +???????# # #????????? | | # #???????# # """" """ #????????? | | #^ ^#???????# # """" """ +????????? | | # #???????# # """" """ #????????? | | # #???????# ! G" # #????????? | | " #???????# % " # """" """" #????????? | | ## #??????## % ! # """" """" !#????????? | | ?# ##########+####### """" """" #????????? | | ?# % #????????? | | ?# """" """" ########## | +----------------------------------------------------+ Best States ------------- Heat Dissipation 85 Energy Generation 23 Energy Capacity 300 Matter Stores 300 Matter Capacity 300 Sight Range 16 Terrain Scan Range 16 Terrain Scan Density 10 Armor Coverage 600 Evasion (%) 70 Recoil Reduction 2 Offensive Hacking 14 Item Schematics ----------------- Imp. Plasma Cutter | -7/Recycling | Hacked Robot Schematics ------------------ None Fabricated ------------ Nothing Repaired ---------- Nothing Studied --------- None Alien Tech Used ----------------- None Achievements -------------- None Challenges ------------ None Game ------ Seed GatlingBiocellReconstructor Manual? 0 Play Time 00:45:36 Cumulative 143.9 hours Start 2026.04.19 @ 15:58:01 End 2026.04.19 @ 16:41:39 Sessions 1 Manual Loads 0 Difficulty Rogue Special Mode None Game No. 222 Rogue 222 Adventurer 0 Explorer 0 Win Type - Total 1 Types 1/0/0/0/0/0/0/0/0/0 Lore% 52 Gallery% 54 Achievement% 42 Wizard Run 0 Options --------- Layout 1 ASCII 0 Keyboard 1 Movement Arrows Keybinds 0 Fullscreen 1 Font 24/Smallcaps Map View 50x35 Zoom Use 0% Tactical HUD 1 Map Filters NONE Filters NONE Steam 1 RUN: aee6cc4e-d069-4e2a-9aee-b2eca640472e